AoeStats
← Fireworks

MegaRandom

508497481Analyzed
4v4 RM · 11d ago on Sep 22, 2026· 65m 6s· 8 players
Game mode
Random Map
Map size
Large (8 player)
Population
200
Speed
Normal
Resources
Standard
Victory
Conquest
Starting age
Dark Age
Ending age
Imperial Age
RankedLock teamsTeams togetherTeam positionsShared explorationLock speedFull tech treeHidden civsTurbo modeCheats
Victory
Defeat
🇨🇳 Saxons · China
1557
+10
🇨🇳 Varangians · China
1488
+13
🇨🇳 Varangians · China
1469
+14
🇨🇳 Vikings · China
1357
+19
🇨🇳 Varangians · China
1493
-17
🇨🇳 Saxons · China
1476
-16
🇨🇳 Portuguese · China
1383
-12
🇨🇳 Mongols · China
1337
-11
老狐狸
0:33 Loom
10:31 Feudal Age
18:34 Castle Age
18:34 Double-Bit Axe
18:31 Horse Collar
29:05 Imperial Age
27:14 Stone Mining
27:20 Gold Mining
28:51 Bow Saw
38:01 Wheelbarrow
38:29 Two-Man Saw
37:54 Conscription
36:59 Elite Organ Gun
40:53 Chemistry
40:06 Siege Engineers
40:53 Stone Shaft Mining
42:40 Masonry
44:02 Coinage
45:17 Banking
46:07 Arquebus
喜足天
0:35 Loom
9:49 Feudal Age
10:34 Double-Bit Axe
11:03 Horse Collar
13:36 Bloodlines
15:08 Scale Barding Armor
21:08 Castle Age
19:30 Gold Mining
20:11 Forging
21:13 Wheelbarrow
21:12 Light Cavalry
22:12 Chain Barding Armor
21:54 Husbandry
22:05 Bow Saw
23:26 Iron Casting
25:19 Hand Cart
35:36 Imperial Age
33:23 Heavy Plow
33:15 Stone Mining
34:32 Stone Shaft Mining
35:46 Town Watch
35:40 Cavalier
37:24 Blast Furnace
37:58 Plate Barding Armor
39:50 Conscription
39:43 Vendel Legacy
43:39 Crop Rotation
43:41 Hussar
48:11 Elite Jarl
48:55 Scale Mail Armor
49:04 Murder Holes
49:30 Ballistics
48:51 Treadmill Crane
51:21 Masonry
51:05 Fletching
50:41 Gothikon
51:16 Gothikon
52:17 Guilds
53:27 Bodkin Arrow
54:05 Architecture
59:59 Caravan
61:57 Two-Man Saw
62:19 Chemistry
61:20 Bracer
860
0:33 Loom
9:56 Feudal Age
14:57 Castle Age
19:54 Fletching
21:40 Double-Bit Axe
23:10 Bow Saw
22:50 Horse Collar
25:14 Bodkin Arrow
27:10 Husbandry
31:37 Wheelbarrow
31:17 Bloodlines
31:42 Padded Archer Armor
36:49 Imperial Age
34:44 Ballistics
34:45 Hand Cart
35:47 Town Watch
36:43 Heavy Plow
37:42 Leather Archer Armor
36:51 Elite Mangudai
38:46 Conscription
38:43 Bracer
39:47 Chemistry
41:24 Light Cavalry
42:10 Murder Holes
42:27 Masonry
42:19 Gold Mining
42:19 Stone Mining
43:07 Parthian Tactics
42:47 Thumb Ring
42:46 Hussar
45:22 Stone Shaft Mining
45:23 Gold Shaft Mining
44:56 Town Patrol
46:26 Scale Barding Armor
46:31 Forging
50:07 Chain Barding Armor
50:22 Iron Casting
49:56 Siege Engineers
56:30 Blast Furnace
60:48 Drill
62:18 Capped Ram
Fireworks
0:38 Loom
9:08 Feudal Age
10:32 Feudal Age
14:18 Castle Age
13:00 Double-Bit Axe
14:06 Horse Collar
22:00 Wheelbarrow
22:33 Bow Saw
23:41 Town Watch
24:13 Hand Cart
30:32 Imperial Age
28:58 Heavy Plow
28:49 Gold Mining
28:49 Stone Mining
30:11 Town Patrol
30:25 Scale Mail Armor
30:51 Forging
31:37 Shield Wall
33:00 Squires
32:46 Arson
33:20 Chain Mail Armor
33:56 Iron Casting
33:07 Elite Hearth Troop
36:42 Plate Mail Armor
35:59 Gambesons
35:36 Elite Varangian Guard
38:20 Fletching
38:31 Padded Archer Armor
39:33 Chemistry
39:10 Ballistics
39:22 Coinage
38:53 Caravan
39:04 Guilds
38:47 Capped Ram
40:34 Banking
41:44 Bodkin Arrow
42:13 Conscription
42:55 Bracer
43:10 Leather Archer Armor
44:41 Two-Man Saw
44:12 Crop Rotation
44:17 Gold Shaft Mining
43:38 Siege Ram
45:15 Heavy Scorpion
46:23 Pikeman
47:35 Ring Archer Armor
Zilove_
6:27 Loom
9:08 Feudal Age
16:34 Double-Bit Axe
20:47 Castle Age
21:09 Bloodlines
21:50 Light Cavalry
24:10 Scale Barding Armor
24:15 Forging
24:49 Wheelbarrow
25:11 Husbandry
25:33 Chain Barding Armor
25:36 Bow Saw
28:00 Gold Mining
34:22 Horse Collar
35:15 Hand Cart
36:40 Heavy Plow
41:00 Imperial Age
39:34 Stone Mining
40:54 Iron Casting
40:07 Town Watch
41:32 Stone Shaft Mining
41:13 Cavalier
43:14 Scale Mail Armor
43:51 Plate Barding Armor
45:57 Blast Furnace
46:34 Vendel Legacy
47:35 Conscription
48:14 Hussar
50:58 Crop Rotation
55:36 Caravan
SOYO
0:33 Loom
10:43 Feudal Age
12:17 Horse Collar
18:15 Castle Age
16:53 Double-Bit Axe
22:27 Wheelbarrow
26:13 Hand Cart
27:18 Bow Saw
27:41 Heavy Plow
28:00 Gold Mining
31:13 Imperial Age
29:08 Scale Mail Armor
29:18 Forging
30:44 Gold Shaft Mining
30:04 Gambesons
30:19 Squires
30:05 Arson
30:37 Chain Mail Armor
31:37 Iron Casting
32:31 Plate Mail Armor
32:21 Elite Varangian Guard
33:35 Town Watch
33:54 Capped Ram
34:42 Shield Wall
35:21 Siege Ram
37:52 Stone Mining
39:07 Conscription
42:26 Pikeman
43:00 Halberdier
46:46 Chemistry
46:09 Shipwright
46:13 Ballistics
47:22 Siege Engineers
47:47 Elite Longship
48:26 Fletching
51:06 Bodkin Arrow
51:12 Padded Archer Armor
53:28 Ballistics
54:09 Coinage
53:39 Caravan
56:46 Banking
57:20 Crop Rotation
养几亿
0:33 Loom
9:20 Feudal Age
9:52 Double-Bit Axe
12:28 Town Watch
19:09 Castle Age
17:33 Fletching
18:26 Horse Collar
18:27 Fishing Lines
19:39 Padded Archer Armor
19:23 Crossbowman
20:10 Bodkin Arrow
31:41 Imperial Age
31:31 Bow Saw
31:22 Heavy Plow
32:37 Bogsveigar
32:57 Conscription
32:58 Bracer
34:01 Ballistics
36:15 Padded Archer Armor
37:49 Leather Archer Armor
38:39 Chemistry
38:02 Arbalester
39:45 Capped Ram
40:49 Siege Engineers
42:09 Siege Ram
44:18 Leather Archer Armor
44:16 Stone Mining
44:17 Gold Mining
45:30 Two-Man Saw
45:00 Crop Rotation
45:48 Masonry
45:05 Onager
46:48 Ring Archer Armor
48:49 Siege Ram
54:29 Architecture
54:35 Hoardings
54:46 Treadmill Crane
56:13 Careening
56:14 Clinker Construction
56:46 Squires
56:32 Arson
62:30 Caravan
unhappy
0:28 Loom
8:34 Feudal Age
9:16 Double-Bit Axe
18:42 Wheelbarrow
21:48 Castle Age
20:11 Horse Collar
23:20 Bow Saw
23:15 Heavy Plow
26:11 Hand Cart
30:19 Fletching
31:04 Bodkin Arrow
34:31 Imperial Age
32:54 Scale Barding Armor
33:00 Forging
33:02 Bloodlines
32:53 Husbandry
32:49 Gold Mining
35:41 Conscription
38:10 Chain Barding Armor
39:18 Iron Casting
40:26 Plate Barding Armor
41:39 Blast Furnace
40:28 Elite Jarl
42:47 Blast Furnace
42:36 Bracer
45:21 Light Cavalry
46:12 Hussar
51:50 Cavalier
53:25 Town Watch
53:17 Gothikon
53:20 Vendel Legacy
54:50 Crop Rotation
55:51 Caravan
64:36 Two-Man Saw
Connection lost

Rejoining the realm…

Still unreachable

The connection could not be restored.

Session expired

The server has moved on; the page needs a fresh start.